 Dungeon Crawl Stone Soup version 0.29.1-2-gbd0b4ee654 (webtiles) character file.

Game seed: 795247659747990330

49 zermelo the Chopper (level 3, 0/33 HPs)
             Began as a Minotaur Berserker on Nov 13, 2022.
             Was a Believer of Trog.
             Slain by an orc wizard
             ... wielding a +2 antimagic dagger
              (5 damage)
             ... on level 3 of the Dungeon.
             The game lasted 00:06:20 (1989 turns).

zermelo the Chopper (Minotaur Berserker)            Turns: 1989, Time: 00:06:21

Health: 0/33       AC:  2    Str: 23    XL:     3   Next: 51%
Magic:  2/2        EV: 12    Int:  4    God:    Trog [**....]
Gold:   110        SH:  0    Dex:  9    Spells: 2/2 levels left

rFire   . . .      SeeInvis .   a - +1 hand axe
rCold   . . .      Faith    .   (no shield)
rNeg    . . .      Spirit   .   b - +0 animal skin
rPois   .          Reflect  .   (helmet restricted)
rElec   .          Harm     .   (no cloak)
rCorr   .          Rampage  .   (no gloves)
Will    .....                   (no boots)
Stlth   +.........              (no amulet)
HPRegen 0.11/turn               (no ring)
MPRegen 0.08/turn               (no ring)

@: no status effects
A: horns 2, retaliatory headbutt
a: Renounce Religion, Berserk, Trog's Hand


You were on level 3 of the Dungeon.
You worshipped Trog.
Trog was pleased with you.
You visited 1 branch of the dungeon, and saw 3 of its levels.

You collected 110 gold pieces.

Inventory:

Hand Weapons
 a - a +1 hand axe (weapon)
Armour
 b - a +0 animal skin (worn)
 g - a +0 ring mail
Scrolls
 j - a scroll of vulnerability {unknown}
Potions
 c - 2 potions of degeneration {unknown}
 d - a potion of resistance {unknown}
 e - 2 potions of flight
 f - a potion of mutation {unknown}
 h - 2 potions of brilliance {unknown}
 i - a potion of curing {unknown}


   Skills:
 - Level 3.8 Fighting
 + Level 5.1 Axes
 - Level 2.6 Armour
 - Level 2.4 Dodging


You had 2 spell levels left.
You didn't know any spells.
Your spell library was empty.

Dungeon Overview and Level Annotations

Branches:
Dungeon (3/15)

Altars:


Innate Abilities, Weirdness & Mutations

You have a pair of horns on your head.
You reflexively headbutt those who attack you in melee.


Message History

No target in view!
No target in view!
No target in view!
No target in view!
You see here 4 stones.
Done exploring.
No target in view!
No target in view!
Done exploring.
There is a stone staircase leading down here.
You climb downwards.
Found 5 boomerangs.
There is a stone staircase leading up here.
Found a stone staircase leading down.
No target in view!
An orc and an orc priest come into view.
The orc shouts!
The orc priest shouts!
You hear a shout!
An orc wizard comes into view. It is wielding a +2 antimagic dagger.
You hear an angry hiss.
An orc comes into view. It is wielding a +0 whip.
The orc wizard gestures wildly while chanting.
The orc wizard flickers and vanishes!
Deactivating autopickup; reactivate with Ctrl-A.
The orc priest calls down the wrath of Beogh upon you.
Beogh smites you! The orc hits you with a +0 club.
You are too injured to fight recklessly!
You are too injured to fight recklessly!
You are too injured to fight recklessly!
You are too injured to fight recklessly!
You hit the orc. You headbutt the orc.
You kill the orc!
Trog accepts your kill.
A ball python comes into view.
You hit something. Something hits you.
You hit something but do no damage.
The orc priest invokes the aid of Beogh against you.
Beogh smites you!
* * * LOW HITPOINT WARNING * * *
Something hits you.
You die...

..# .... .....
#(..#########
.#...........#####
................>#
.#.####<####.###.#
#.# #.# #.# #@#
#.# #)# #+#


#oo #S.# #..# #.## ..# #.# You could see an orc priest, an orc and a ball
python.

Vanquished Creatures
  A dart slug (D:1)
  An orc (D:3)
  2 endoplasms
  4 giant cockroaches
  6 goblins
  2 hobgoblins (D:1)
  2 quokkas
  3 ball pythons
  9 bats
  3 frilled lizards (D:1)
  7 kobolds
  3 rats (D:1)
43 creatures vanquished.

Notes
Turn   | Place    | Note
-------+----------+-------------------------------------------
     0 | D:1      | zermelo the Minotaur Berserker began the quest for the Orb.
     0 | D:1      | Reached XP level 1. HP: 19/19 MP: 0/0
   189 | D:1      | Found a faded altar of an unknown god.
   189 | D:1      | Noticed a crimson imp
   389 | D:1      | Reached XP level 2. HP: 27/27 MP: 1/1
   427 | D:1      | Reached skill level 4 in Axes
  1226 | D:2      | Reached XP level 3. HP: 31/33 MP: 2/2
  1256 | D:2      | Reached ** piety under Trog
  1591 | D:2      | Reached skill level 5 in Axes
  1989 | D:3      | Slain by an orc wizard

Illustrated notes

Levels and vault maps discovered:
D:1:      lemuel_arrival_funnel, layout_basic,
          dreamdust_ecumenical_altar_sealed_demon, minmay_tree_intersection
D:2:      layout_loops_cross
D:3:      layout_basic, chequers_decorated_corner

Skill      XL: |  1  2  3 |
---------------+----------+-----
Axes           | 4 5 |  5.1
Fighting       | |  3.8
Armour         | |  2.6
Dodging        | |  2.4

Action                   || total
-------------------------++-------
Melee: Hand axe          ||    94
       Headbutt          ||     8
       Punch             ||     1
  Use: Scroll            ||     7
       Potion            ||     1
Armor: Animal skin       ||    27
Dodge: Dodged            ||    78
